 Dungeon Crawl Stone Soup version 0.15-a0-1995-g7e6aeab (webtiles) character file.

578 N00bl0rd the Bolt Thrower (level 7, -4/34 HPs)
             Began as a Kobold Arcane Marksman on July 11, 2014.
             Slain by Duvessa
             ... wielding a +0 short sword
              (5 damage)
             ... on Level 5 of the Dungeon.
             The game lasted 00:15:43 (3855 turns).

N00bl0rd the Bolt Thrower (Kobold Arcane Marksman)  Turns: 3855, Time: 00:15:44

HP  -4/34        AC  7     Str 15      XL: 7   Next: 62%
MP   9/13        EV 16     Int 15      God:
Gold 295         SH  0     Dex 15      Spells:  3 memorised,  5 levels left

rFire  . . .     SeeInvis .     k - +1 dagger (elec)
rCold  . . .     Clarity  .     a - +0 robe
rNeg   . . .     rCorr    .     (no shield)
rPois  .         rRot     .     (no helmet)
rElec  .         Spirit   .     (no cloak)
SustAb .         Warding  .     (no gloves)
rMut   .         Stasis   .     o - +0 pair of boots
Gourm  .                        (no amulet)
MR     .....                    l - +4 ring of intelligence
                                e - +3 ring of strength

@: not resistant to hostile enchantments, very unstealthy
A: iridescent scales 1, carnivore 3, frail 1, spit poison 1
a: Spit Poison


You were on level 5 of the Dungeon.
You were completely stuffed.

You visited 1 branch of the dungeon, and saw 5 of its levels.

You collected 295 gold pieces.

Inventory:

Hand weapons
 b - a +0 crossbow
 k - a +1 dagger of electrocution (weapon)
Missiles
 c - 50 bolts
Armour
 a - a +0 robe (worn)
 o - a +0 pair of boots (worn)
 y - the +3 scale mail of Hedge Wizardry {Int+3 Slay+3}
   (You found it on level 5 of the Dungeon)

   It affects your intelligence (+3).
   It affects your accuracy and damage with ranged weapons and melee attacks
   (+3).
Comestibles
 f - 2 meat rations
 m - 2 slices of pizza
 n - a beef jerky
 q - a rotting chunk of hound flesh
 z - a chunk of orc flesh
 B - a chunk of rat flesh
Scrolls
 g - 2 scrolls of enchant weapon {unknown}
 h - 2 scrolls of immolation {unknown}
 p - 2 scrolls of identify
 r - 2 scrolls of teleportation {unknown}
 s - a scroll of magic mapping {unknown}
 t - a scroll of enchant armour {unknown}
 u - a scroll of recharging {unknown}
 v - a scroll of blinking {unknown}
 x - a scroll of remove curse {unknown}
Jewellery
 e - a +3 ring of strength (left hand)
 j - an uncursed ring of flight
 l - a +4 ring of intelligence (right hand)
 A - an uncursed ring of protection from cold
Potions
 i - 2 potions of restore abilities
 w - a potion of haste {unknown}
Books
 d - a book of Debilitation

   Spells                             Type                      Level
   *Corona                            Hexes                        1
   *Slow                              Hexes                        2
   *Inner Flame                       Hexes/Fire                   3
   Enslavement                        Hexes                        4
   Cause Fear                         Hexes                        4
   Leda's Liquefaction                Hexes/Earth                  4


   Skills:
 + Level 1.5 Fighting
 + Level 1.8 Short Blades
 * Level 6.0 Crossbows
 + Level 3.3 Dodging
 + Level 2.7 Spellcasting
 - Level 5.2 Hexes


You had 5 spell levels left.
You knew the following spells:

 Your Spells              Type           Power        Failure   Level  Hunger
a - Corona                Hex            ###....      2%          1    #......
b - Slow                  Hex            ###.....     4%          2    ##.....
c - Inner Flame           Hex/Fire       #.......     24%         3    ###....


Dungeon Overview and Level Annotations

Branches:
Dungeon (5/15)
 Temple: D:4-7

Altars:
Dithmenos
Gozag
Kikubaaqudgha
Nemelex Xobeh
Qazlal
Vehumet
Xom
Yredelemnul
Zin
The Shining One

Annotations:
D:5 Dowan, Duvessa


Innate Abilities, Weirdness & Mutations

You are small and have problems with some larger weapons.
You are carnivorous and can eat meat at any time.
You are partially covered in iridescent scales (AC +4).
You are frail (-10% HP).
You can spit poison.


Message History

You closely miss Duvessa.
Duvessa is heavily wounded.
Duvessa closely misses you. Duvessa hits you with a short sword.
* * * LOW HITPOINT WARNING * * *
Unknown command.
You hit Duvessa but do no damage.
Duvessa is heavily wounded.
Duvessa misses you.
You hit Duvessa.
Duvessa is heavily wounded.
Duvessa hits you but does no damage.
Unknown command.
You hit Duvessa but do no damage.
There is a sudden explosion of sparks!
Duvessa is almost dead.
Duvessa completely misses you.
Unknown command.
You barely miss Duvessa.
Duvessa is almost dead.
Duvessa hits you with a short sword.
You die...

..........# .#.
..........# #.#.
...........# ...
#'####....####..
#.#..'.<........
#.#)##..........
#.#<)...........
#########.#)#...........
#..<#..@e.#............>
#.#e#.#######...........
#...#.#.............####
###.#.#.######.)....#
#.....#...# #......#
########### #......#
#......# #......#
#......#


You could see Duvessa.

Vanquished Creatures
  The ghost of N00bl0rd the Bolt Thrower, an average KoAM of Okawaru (D:3)
  2 ogres (D:4)
  3 hounds (D:4)
  An orc wizard (D:5)
  An iguana (D:4)
  A worker ant (D:4)
  3 adders
  A gnoll (D:4)
  2 worms
  3 giant geckos
  2 oozes
  5 orcs
  5 bats
  7 giant cockroaches
  7 goblins
  9 hobgoblins
  A jackal (D:1)
  A quokka (D:3)
  A giant gecko skeleton (D:5)
  7 giant newts
  9 kobolds
  14 rats
86 creatures vanquished.

Vanquished Creatures (others)
  A hobgoblin (D:2)
1 creature vanquished.

Grand Total: 87 creatures vanquished

Notes
Turn   | Place    | Note
--------------------------------------------------------------
     0 | D:1      | N00bl0rd, the Kobold Arcane Marksman, began the quest for the Orb.
     0 | D:1      | Reached XP level 1. HP: 12/12 MP: 2/2
   128 | D:1      | Reached XP level 2. HP: 14/16 MP: 3/3
   138 | D:1      | Learned a level 2 spell: Slow
   412 | D:1      | Reached XP level 3. HP: 20/20 MP: 4/4
   644 | D:2      | Found a glowing golden altar of the Shining One.
   645 | D:2      | Noticed an angel
   661 | D:2      | Found a basalt altar of Yredelemnul.
   662 | D:2      | Noticed a profane servitor
  1051 | D:2      | Found an ancient bone altar of Kikubaaqudgha.
  1065 | D:2      | Found a stormy altar of Qazlal.
  1068 | D:2      | Found a glowing silver altar of Zin.
  1071 | D:2      | Found a radiant altar of Vehumet.
  1649 | D:3      | Reached XP level 4. HP: 22/25 MP: 6/6
  1655 | D:3      | Learned a level 3 spell: Inner Flame
  1893 | D:3      | Noticed N00bl0rd's ghost (average KoAM)
  1932 | D:3      | HP: 1/25 [N00bl0rd's ghost (3)]
  1933 | D:3      | Gained mutation: You can spit poison. [potion of mutation]
  1933 | D:3      | Gained mutation: You are partially covered in iridescent scales (AC +4). [potion of mutation]
  1933 | D:3      | Gained mutation: You are frail (-10% HP). [potion of mutation]
  1946 | D:3      | Killed N00bl0rd's ghost
  1946 | D:3      | Reached skill level 4 in Crossbows
  1946 | D:3      | Reached XP level 5. HP: 8/26 MP: 7/9
  2421 | D:3      | Reached XP level 6. HP: 27/30 MP: 6/10
  2639 | D:4      | Found an opulent altar of Gozag.
  2693 | D:4      | Reached skill level 5 in Crossbows
  2718 | D:4      | Found a shadowy altar of Dithmenos.
  2800 | D:4      | Reached skill level 5 in Hexes
  2959 | D:4      | Found a sparkling altar of Nemelex Xobeh.
  2991 | D:4      | Found a shimmering altar of Xom.
  3159 | D:4      | Reached XP level 7. HP: 24/34 MP: 9/12
  3356 | D:4      | Reached skill level 1 in Short Blades
  3478 | D:4      | Reached skill level 6 in Crossbows
  3540 | D:5      | Entered Level 5 of the Dungeon
  3543 | D:5      | Noticed Duvessa
  3543 | D:5      | Noticed Dowan
  3725 | D:5      | Got a heavily runed scale mail
  3745 | D:5      | Identified the +3 scale mail of Hedge Wizardry {Int+3 Slay+3} (You found it on level 5 of the Dungeon)
  3851 | D:5      | HP: 1/34 [Duvessa/short sword (2)]
  3855 | D:5      | Slain by Duvessa

Action                   |  1- 3 |  4- 6 |  7- 9 || total
-------------------------+-------+-------+-------++-------
Melee: Dagger            |    63 |   115 |    59 ||   237
 Fire: Crossbow          |    49 |     7 |    11 ||    67
 Cast: Corona            |     7 |    11 |     9 ||    27
       Slow              |     1 |    10 |    10 ||    21
  Use: Potion            |       |     5 |       ||     5
       Scroll            |       |       |     2 ||     2
  Eat: Chunk             |    11 |     6 |     3 ||    20
